 Dungeon Crawl Stone Soup version 0.20-a0-1006-ge6c5631 (webtiles) character file.

128094 FastMan the Executioner (level 16, 0/156 HPs)
             Began as a Minotaur Berserker on Apr 14, 2017.
             Was a High Priest of Trog.
             Slain by a mana viper (3 damage)
             ... on level 1 of the Snake Pit.
             The game lasted 00:25:51 (26114 turns).

FastMan the Executioner (Minotaur Berserker)       Turns: 26114, Time: 00:25:51

Health: 0/156      AC: 21    Str: 24    XL:     16   Next: 17%
Magic:  2/15       EV:  7    Int:  4    God:    Trog [*****.]
Gold:   1581       SH:  0    Dex: 15    Spells: 15/15 levels left

rFire    + . .     SeeInvis .   a - +3 executioner's axe (elec)
rCold    + . .     Gourm    .   (shield currently unavailable)
rNeg     + + .     Faith    +   f - +2 chain mail {rPois}
rPois    +         Spirit   .   (helmet restricted)
rElec    .         Reflect  .   L - +0 cloak
rCorr    .         Harm     .   J - +0 pair of gloves
MR       +....                  o - +1 pair of boots
Stlth    ..........             p - amulet of faith
Regen    0.4/turn               v - ring of protection from cold
MPRegen  0.2/turn               D - ring "Nivvoimi" {rF+ rN++}

@: exhausted, slowed, constricted, very slow
A: retaliatory headbutt, horns 2
}: 1/15 runes: decaying
a: Berserk, Trog's Hand, Brothers in Arms, Burn Spellbooks, Renounce Religion


You were on level 1 of the Snake Pit.
You worshipped Trog.
Trog was extremely pleased with you.
You were not hungry.

You visited 4 branches of the dungeon, and saw 22 of its levels.

You collected 1581 gold pieces.

Inventory:

Hand Weapons
 a - a +3 executioner's axe of electrocution (weapon)
 A - a +4 battleaxe of chopping
 O - a +2 antimagic battleaxe
Armour
 f - a +2 chain mail of poison resistance (worn)
 o - a +1 pair of boots (worn)
 B - a +3 crystal plate armour
 J - a +0 pair of gloves (worn)
 L - a +0 cloak (worn)
Jewellery
 d - an uncursed amulet of regeneration
 p - an amulet of faith (around neck)
 v - a ring of protection from cold (left hand)
 D - the ring "Nivvoimi" (right hand) {rF+ rN++}
   (You found it on level 3 of the Swamp)

   [ring of protection from fire]

   It protects you from fire.
   It greatly protects you from negative energy.
Scrolls
 h - 4 scrolls of fog
 l - 10 scrolls of remove curse {@r2}
 r - a scroll of magic mapping
 w - 7 scrolls of immolation
 x - a scroll of blinking {@r4}
 y - a scroll of enchant armour
 H - a scroll of vulnerability
Potions
 b - 4 potions of might {@q4}
 e - 2 potions of haste {@q3}
 g - 3 potions of curing {@q1}
 j - 2 potions of resistance
 k - 3 potions of ambrosia
 n - 2 potions of flight
 q - 2 potions of magic
 s - a potion of heal wounds {@q2}
 t - 4 potions of mutation
 C - 2 potions of agility {@q5}
 E - a potion of cancellation
 F - 2 potions of berserk rage
 G - 3 potions of invisibility
 M - 3 potions of brilliance {@q6}
Books
 m - a book of Debilitation

   Spells                             Type                      Level
   a - Corona                         Hexes                        1
   b - Slow                           Hexes                        2
   c - Inner Flame                    Hexes/Fire                   3
   d - Portal Projectile              Hexes/Translocation          3
   e - Cause Fear                     Hexes                        4
   f - Leda's Liquefaction            Hexes/Earth                  4
   Trog disapproves of the use of such an item.
Comestibles
 c - 6 bread rations {@e1}
 i - 5 chunks of flesh
 u - 17 royal jellies {@e3}
 I - 30 fruits {@e4}


   Skills:
 + Level 17.6 Fighting
 * Level 23.3 Axes
 + Level 14.7 Armour
 - Level 2.1 Dodging


You had 15 spell levels left.
You didn't know any spells.

Dungeon Overview and Level Annotations

Branches:
Dungeon (11/15)              Lair (6/6) D:11          Swamp (4/4) Lair:4
  Snake (1/4) Lair:4        Slime (0/5) Lair:5          Orc (0/2) D:10
 Temple: D:4-7

Altars:
Kikubaaqudgha
Trog
Uskayaw
Wu Jian
Xom
Yredelemnul
Zin
The Shining One
Jiyva

Annotations:
Swamp:4 exclusion: Roxanne, Roxanne


Innate Abilities, Weirdness & Mutations

You reflexively headbutt those who attack you in melee.
You have a pair of horns on your head.


Message History

Unknown command.
You feel better.
Your surroundings seem slightly different.
The anaconda hisses angrily.
A naga sharpshooter comes into view. It is wielding a battleaxe.
The naga sharpshooter shouts!
The shock serpent bites you!
* * * LOW HITPOINT WARNING * * *
The shock serpent shocks you!
* * * LOW HITPOINT WARNING * * *
The anaconda closely misses you. You furiously retaliate!
You headbutt the anaconda!
The anaconda bites you but does no damage.
The naga sharpshooter spits poison at you.
The splash of poison hits you! You resist.
The shock serpent bites you but does no damage.
The anaconda grabs you. The anaconda closely misses you.
* * * LOW HITPOINT WARNING * * *
The anaconda constricts you. The mana viper bites you.
You die...

#.).............
##......!.....S...
##...##.........N..
##...##..........N.#
#...###............###
##..###...............#
#..####.....)..........
##.........††.S........
##...#######.S.@S....#
##...## #.......SN..##
....## .........#N..#
...## #...#..#.#§..#
...# .##....#.#....#
...# #.##...#.#........
.#.# .|.#..##.........#
...# .#... #........##
...# #........#


You could see a naga sharpshooter, 2 anacondas, a naga ritualist (fleeing), a
shock serpent, 2 mana vipers and 2 nagas.

Vanquished Creatures
  Nikola (Swamp:1)
  Kirke (Swamp:4)
  3 thorn hunters
  Louise (Swamp:1)
  A very ugly thing (Swamp:3)
  3 dire elephants (Lair:6)
  The ghost of dolemite99 the Cruncher, a journeyman BuWn of Hepliaklqana (Lair:6)
  Josephine (Lair:5)
  A naga warrior (Snake:1)
  20 hydras
  5 anacondas
  9 alligators
  A ghost crab (Swamp:4)
  3 two-headed ogres
  Urug (Lair:5)
  5 death yaks (D:11)
  2 shock serpents (Snake:1)
  A naga sharpshooter (Snake:1)
  2 spriggan berserkers (Swamp:4)
  Nergalle (D:11)
  4 skeletal warriors (D:11)
  10 swamp dragons
  3 wizards (D:11)
  2 spriggan druids
  4 shambling mangroves
  3 mana vipers (Snake:1)
  3 ugly things (D:11)
  7 elephants (Lair:6)
  A naga mage (Snake:1)
  2 torpor snails
  9 black mambas
  A rime drake (Lair:6)
  26 spiny frogs
  6 komodo dragons
  A troll (D:10)
  7 tyrant leeches
  A polar bear (Lair:3)
  7 hornets
  3 slime creatures (Swamp:3)
  7 bog bodies
  10 dream sheep
  20 blink frogs
  7 hippogriffs
  4 spriggans
  A vampire (D:11)
  A shadow (Swamp:3)
  10 wraiths
  6 wyverns
  18 yaks
  A hungry ghost (D:10)
  2 hogs (Swamp:4)
  16 vampire mosquitoes
  A steam dragon (D:11)
  2 basilisks
  9 nagas (Snake:1)
  19 swamp worms
  14 water moccasins
  9 porcupines
  17 swamp drakes
  4 phantoms
  2 black bears
  6 sky beasts
  An eye of draining (D:9)
  An ice beast (D:8)
  4 orc warriors
  2 ogres
  11 wolves
  6 centaurs
  8 crocodiles
  2 big kobolds (D:9)
  12 bullfrogs
  A wyvern skeleton (D:9)
  2 scorpions
  24 killer bees
  3 howler monkeys
  An electric eel (Lair:1)
  3 crimson imps
  3 quasits
  2 centaur zombies
  7 jellies
  4 hounds
  10 orc wizards
  6 orc priests
  A bullfrog skeleton (D:8)
  2 centaur skeletons (D:11)
  2 iguanas
  5 worker ants
  6 ogre zombies (D:10)
  A hound zombie (D:11)
  2 hound skeletons (D:4)
  10 adders
  3 shadow imps
  5 oozes (D:9)
  3 adder skeletons
  6 worms
  16 orcs
  3 ball pythons
  A giant cockroach (D:8)
  11 hobgoblins
  6 jackals
  6 quokkas
  12 bats
  2 frilled lizards (D:3)
  7 goblins
  A goblin skeleton (D:10)
  5 goblin zombies (D:10)
  2 hobgoblin zombies (D:10)
  2 jackal skeletons
  12 kobolds
  2 orc skeletons (D:10)
  9 orc zombies (D:10)
  10 rats
  5 briar patches
  5 fungi
  4 plants
629 creatures vanquished.

Vanquished Creatures (collateral kills)
  2 hydras (Swamp:4)
  An alligator (Swamp:4)
  A skeletal warrior (D:11)
  A spiny frog (Swamp:1)
  A tyrant leech (Swamp:1)
  A blink frog (Lair:3)
  A hippogriff (Lair:3)
  3 yaks (Lair:3)
  4 nagas (Lair:4)
  An orc warrior (D:7)
  3 swamp drakes
  An ogre (D:7)
  A bullfrog (D:7)
21 creatures vanquished.

Vanquished Creatures (others)
  A two-headed ogre (D:8)
  A tyrant leech (Swamp:4)
  2 humans (Swamp:4)
  A swamp drake (Swamp:4)
  A bullfrog (D:8)
  A scorpion (D:8)
  A giant cockroach (D:8)
  A briar patch (Swamp:4)
  5 fungi
  6 plants
20 creatures vanquished.

Grand Total: 670 creatures vanquished

Notes
Turn   | Place    | Note
-------+----------+-------------------------------------------
     0 | D:1      | FastMan the Minotaur Berserker began the quest for the Orb.
     0 | D:1      | Reached XP level 1. HP: 19/19 MP: 0/0
   132 | D:1      | Reached skill level 4 in Axes
   141 | D:1      | Reached XP level 2. HP: 14/27 MP: 1/1
   249 | D:1      | Reached ** piety under Trog
   526 | D:2      | Reached XP level 3. HP: 33/33 MP: 2/2
   699 | D:2      | Reached skill level 5 in Axes
   785 | D:2      | Found a basalt altar of Yredelemnul.
   788 | D:2      | Found a bloodstained altar of Trog.
   791 | D:2      | Found an ornate altar of the Wu Jian Council.
  1031 | D:2      | Found an ancient bone altar of Kikubaaqudgha.
  1208 | D:2      | Found a bloodstained altar of Trog.
  1343 | D:3      | Reached XP level 4. HP: 39/41 MP: 3/3
  1450 | D:3      | Reached *** piety under Trog
  1775 | D:3      | Reached skill level 5 in Fighting
  1775 | D:3      | Reached skill level 6 in Axes
  1775 | D:3      | Reached XP level 5. HP: 48/48 MP: 4/4
  2199 | D:4      | Found a glowing silver altar of Zin.
  2387 | D:5      | Entered Level 5 of the Dungeon
  2513 | D:5      | Noticed a centaur
  2522 | D:5      | Killed a centaur
  2522 | D:5      | Reached skill level 7 in Axes
  2522 | D:5      | Reached XP level 6. HP: 37/56 MP: 5/5
  2755 | D:5      | Noticed a sky beast
  2766 | D:5      | Killed a sky beast
  3133 | D:6      | Reached skill level 8 in Axes
  3181 | D:6      | Reached XP level 7. HP: 63/63 MP: 6/6
  3338 | D:6      | Reached skill level 9 in Axes
  3512 | D:6      | You fall through a shaft for 3 floors!
  3512 | D:9      | Noticed a wraith
  3512 | D:9      | Noticed a wraith
  3516 | D:9      | Killed a wraith
  3550 | D:9      | Killed a wraith
  3550 | D:9      | Reached skill level 10 in Axes
  3550 | D:9      | Reached XP level 8. HP: 12/73 MP: 7/7
  4027 | D:9      | Reached **** piety under Trog
  4033 | D:9      | Reached skill level 11 in Axes
  4381 | D:9      | Noticed a two-headed ogre
  4391 | D:8      | Killed a two-headed ogre
  4425 | D:8      | Reached XP level 9. HP: 62/82 MP: 8/8
  4452 | D:8      | Reached skill level 12 in Axes
  4956 | D:7      | Reached skill level 13 in Axes
  5659 | D:8      | Reached skill level 10 in Fighting
  6108 | D:8      | Reached skill level 14 in Axes
  6108 | D:8      | Reached XP level 10. HP: 89/93 MP: 9/9
  6267 | D:8      | Reached ***** piety under Trog
  6356 | D:8      | Found a shimmering altar of Xom.
  6427 | D:9      | Killed a two-headed ogre
  6963 | D:9      | Reached skill level 15 in Axes
  7208 | D:9      | Received a gift from Trog
  7468 | D:10     | Entered Level 10 of the Dungeon
  7531 | D:10     | Found a staircase to the Orcish Mines.
  7532 | D:10     | Received a gift from Trog
  7687 | D:10     | Found a glowing golden altar of the Shining One.
  8346 | D:10     | Reached XP level 11. HP: 104/104 MP: 10/10
  8498 | D:11     | Received a gift from Trog
  8503 | D:11     | Reached skill level 16 in Axes
  8517 | D:11     | Noticed a skeletal warrior
  8532 | D:11     | Killed a skeletal warrior
  8634 | D:11     | Noticed a brown ugly thing
  8639 | D:11     | Killed a brown ugly thing
  8686 | D:11     | Reached skill level 5 in Armour
  8776 | D:11     | Noticed a death yak
  8776 | D:11     | Noticed a death yak
  8779 | D:11     | Noticed a death yak
  8779 | D:11     | Noticed a death yak
  8780 | D:11     | Noticed a death yak
  8780 | D:11     | Found a staircase to the Lair.
  8784 | D:11     | Killed a death yak
  8785 | D:11     | Killed a death yak
  8787 | D:11     | Killed a death yak
  8790 | D:11     | Killed a death yak
  8792 | D:11     | Killed a death yak
  9139 | D:11     | Found a hide-covered altar of Uskayaw.
  9186 | D:11     | Noticed a two-headed ogre
  9191 | D:11     | Killed a two-headed ogre
  9191 | D:11     | Reached skill level 17 in Axes
  9192 | D:11     | Noticed a wizard
  9192 | D:11     | Noticed a wizard
  9192 | D:11     | Noticed Nergalle
  9193 | D:11     | Noticed a wizard
  9195 | D:11     | Noticed a spectral orc warlord
  9198 | D:11     | Killed a wizard
  9200 | D:11     | Killed a wizard
  9201 | D:11     | Noticed a skeletal warrior
  9201 | D:11     | Noticed a skeletal warrior
  9201 | D:11     | Noticed a skeletal warrior
  9202 | D:11     | Noticed a skeletal warrior
  9422 | D:11     | Killed a skeletal warrior
  9425 | D:11     | Killed a skeletal warrior
  9425 | D:11     | Reached XP level 12. HP: 113/113 MP: 11/11
  9528 | D:11     | Killed Nergalle
  9617 | D:11     | Noticed a two-headed ogre
  9621 | D:11     | Killed a two-headed ogre
  9696 | D:11     | Reached skill level 18 in Axes
 10300 | Lair:1   | Entered Level 1 of the Lair of Beasts
 12132 | Lair:2   | Received a gift from Trog
 12132 | Lair:2   | Reached skill level 19 in Axes
 12132 | Lair:2   | Reached XP level 13. HP: 101/124 MP: 12/12
 12992 | Lair:4   | Reached skill level 10 in Armour
 13397 | Lair:4   | Found a staircase to the Swamp.
 13566 | Lair:4   | Found a staircase to the Snake Pit.
 14282 | Lair:5   | Identified a scroll of acquirement
 14773 | Lair:5   | Found a staircase to the Slime Pits.
 14776 | Lair:5   | Found a viscous altar of Jiyva.
 14800 | Lair:5   | Noticed Urug
 14809 | Lair:5   | Killed Urug
 15073 | Lair:5   | Noticed Josephine
 15080 | Lair:5   | Killed Josephine
 15086 | Lair:5   | Received a gift from Trog
 15328 | Lair:5   | Reached skill level 20 in Axes
 15564 | Lair:6   | Entered Level 6 of the Lair of Beasts
 15842 | Lair:6   | Reached skill level 15 in Fighting
 15902 | Lair:6   | Noticed dolemite99's ghost (journeyman BuWn)
 16146 | Lair:6   | Received a gift from Trog
 16296 | Lair:6   | Killed dolemite99's ghost
 16563 | Lair:6   | Reached XP level 14. HP: 119/135 MP: 13/13
 16681 | Lair:6   | Got a dazzling scarf
 17467 | Lair:6   | Identified the scarf of Shadows and Fog {+Blink Int+3} (You found it on level 6 of the Lair of Beasts)
 17556 | Snake:1  | Entered Level 1 of the Snake Pit
 17741 | Snake:1  | Reached skill level 21 in Axes
 18268 | Swamp:1  | Entered Level 1 of the Swamp
 18331 | Swamp:1  | Noticed Nikola
 18344 | Swamp:1  | Killed Nikola
 18344 | Swamp:1  | Received a gift from Trog
 18350 | Swamp:1  | Noticed Louise
 18737 | Swamp:1  | Killed Louise
 19319 | Swamp:2  | Paralysed by a hornet for 2 turns
 20790 | Swamp:3  | Reached XP level 15. HP: 102/144 MP: 14/14
 21479 | Swamp:3  | Got a flickering bone ring
 21480 | Swamp:3  | Identified the ring "Nivvoimi" {rF+ rN++} (You found it on level 3 of the Swamp)
 21871 | Swamp:3  | Noticed a thorn hunter
 21885 | Swamp:3  | Killed a thorn hunter
 21885 | Swamp:3  | Reached skill level 22 in Axes
 22721 | Swamp:4  | Entered Level 4 of the Swamp
 22721 | Swamp:4  | Noticed a thorn hunter
 22761 | Swamp:4  | HP: 4/217 [swamp worm (8)]
 22762 | Swamp:4  | Killed a thorn hunter
 22858 | Swamp:4  | Noticed Roxanne
 23335 | Swamp:4  | Noticed Kirke
 23349 | Swamp:4  | Killed Kirke
 24000 | Swamp:4  | Noticed a thorn hunter
 24024 | Swamp:4  | Killed a thorn hunter
 24624 | Swamp:4  | Received a gift from Trog
 25220 | Swamp:4  | Got a decaying rune of Zot
 25243 | Swamp:4  | Reached skill level 23 in Axes
 25338 | Swamp:4  | Reached XP level 16. HP: 33/155 MP: 15/15
 25339 | Swamp:4  | Received a gift from Trog
 26108 | Snake:1  | HP: 11/234 [shock serpent/bolt of electricity (16)]
 26114 | Snake:1  | HP: 4/156 [shock serpent (12)]
 26114 | Snake:1  | Slain by a mana viper

Vault maps used:
D:1:      sevenhm_arrival_forest_fort_large_4, serial_park_tiny_pond,
          minmay_hexomino_p4
D:2:      grunt_temple_overflow_cloverleaf, minivault_27, hex_tiny, trog_book
D:3:      chequers_ecumenical_altar_simple, first_bread
D:4:      overflow_temple_1_default
D:6:      temple_doors_cd, hex_large, uniq_grinder
D:7:      kennysheep_mini
D:8:      hangedman_decor_slide_cut, nicolae_wwwww, xom_confusion_cloud
D:9:      hangedman_little_slice_of_home, minmay_guarded_unrand_finisher
D:10:     zombieorc1_lemuel, serial_bayou_pond_d, dk_vineyard_1,
          grunt_ministairs_10, tso_metal_star
D:11:     cheibrodos_wizards_tower, dpeg_lair_monsters, basic_altar,
          uniq_nergalle
Lair:1:   grunt_megastairs_5, serial_bayou_shore_b, infiniplex_staircase_pool
Lair:3:   lemuel_fruit_fields, lemuel_fruit_fields, grunt_megastairs_3
Lair:4:   minmay_swamp_entry_worms, guppyfry_snake_entry_garden,
          eino_small_chamber_without_monster, grunt_megastairs_2
Lair:5:   slime_altar_1, st_stairs_9, grunt_megastairs_4, uniq_josephine,
          uniq_urug
Lair:6:   due_jungle_book, hangedman_lair_generics_rect,
          infiniplex_staircase_pool_2
Swamp:1:  nicolae_swamp_round_clearing, uniq_louise, uniq_nikola
Swamp:2:  evilmike_swamp_ruin_house_1
Swamp:3:  evilmike_swamp_ruin_house_4, swamp_pool4
Swamp:4:  swamp_basic_johnstein, uniq_kirke, uniq_roxanne
Snake:1:  cheibrodos_forgotten_conduit

Skill      XL: |  1  2  3  4  5  6  7  8  9 10 11 12 13 14 15 |
---------------+----------------------------------------------+-----
Axes           | 4 5 6 7 8 10 11 14 15 17 19 20 21 23 | 23.3
Fighting       | 4 5 6 7 8 10 11 12 14 15 16 17 | 17.6
Armour         | 4 7 9 11 13 14 | 14.7
Dodging        | |  2.1

Action                   |  1- 3 |  4- 6 |  7- 9 | 10-12 | 13-15 | 16-18 || total
-------------------------+-------+-------+-------+-------+-------+-------++-------
Melee: Hand axe          |    98 |   120 |   246 |   303 |       |       ||   767
       Headbutt          |    15 |    27 |    49 |   111 |   188 |     9 ||   399
       Executioner's axe |       |       |       |   209 |   509 |    55 ||   773
       War axe           |       |       |       |    12 |       |       ||    12
       Battleaxe         |       |       |       |       |   280 |       ||   280
Invok: Berserk           |     3 |     2 |    10 |    12 |    31 |     2 ||    60
       Burn Spellbooks   |       |     1 |       |     3 |     2 |       ||     6
       Brothers in Arms  |       |       |     1 |     2 |     5 |       ||     8
       Trog's Hand       |       |       |       |     7 |    18 |     1 ||    26
  Use: Scroll            |       |     9 |     7 |     5 |    26 |     5 ||    52
       Potion            |       |       |     3 |       |    12 |     4 ||    19
 Stab: Distracted        |       |       |     1 |       |       |       ||     1
  Eat: Chunk             |     4 |     7 |     9 |    27 |    25 |     2 ||    74
       Bread ration      |       |       |     1 |       |     9 |       ||    10
       Meat ration       |       |       |     1 |     2 |     3 |     1 ||     7
Armor: Animal skin       |    11 |       |       |       |       |       ||    11
       Chain mail        |     7 |    47 |    67 |       |   351 |    39 ||   511
       Plate armour      |       |       |    86 |   291 |   169 |       ||   546
       Skin              |       |       |    14 |       |       |       ||    14
       Crystal plate arm |       |       |       |       |   167 |       ||   167
Dodge: Dodged            |    65 |    36 |   133 |   164 |   385 |    41 ||   824
